 Dungeon Sprint DCSS version 0.26-a0-694-g74916bafe0 (webtiles) character file.

Game seed: 3683567829947794749

6 ANON1729 the Sneak (level 1, 0/11 HPs)
             Began as a Spriggan Brigand on Oct 25, 2020.
             Slain by a hound (6 damage)
             ... in the Dungeon (Sprint IX: "|||||||||||||||||||||||||||||").
             The game lasted 00:00:14 (35 turns).

ANON1729 the Sneak (Spriggan Brigand)                 Turns: 35, Time: 00:00:15

Health: 0/11       AC:  3    Str:  7    XL:     1   Next: 75%
Magic:  2/2        EV: 18    Int: 12    God:
Gold:   0          SH:  0    Dex: 17    Spells: 0/0 levels left

rFire    . . .     SeeInvis +   a - +2 dagger
rCold    . . .     Faith    .   (shield restricted)
rNeg     . . .     Spirit   .   b - +0 robe
rPois    .         Reflect  .   (helmet restricted)
rElec    .         Harm     .   c - +0 cloak
rCorr    .         Rampage  .   (gloves unavailable)
MR       .....     NoTele   +   (boots unavailable)
Stlth    +++.......             (no amulet)
HPRegen  0.03/turn              (no ring)
MPRegen  0.08/turn              (no ring)

@: very quick
A: very small, unfitting armour, see invisible, speed 3
a: no special abilities


You were in the Dungeon.
You visited 1 branch

Inventory:

Hand Weapons
 a - a +2 dagger (weapon)
Missiles
 d - 8 poisoned darts (quivered)
 e - 2 curare-tipped darts
Armour
 b - a +0 robe (worn)
 c - a +0 cloak (worn)
Scrolls
 k - a scroll of blinking
Potions
 f - a potion of curing
 h - a potion of haste
 i - 2 potions of magic
 j - a potion of berserk rage


   Skills:
 + Level 2.0 Fighting
 + Level 2.8 Short Blades
 + Level 2.5 Throwing
 + Level 2.8 Dodging
 + Level 6.3 Stealth


You couldn't memorise any spells.
You didn't know any spells.
Your spell library was empty.

Dungeon Overview and Level Annotations

Branches:
Dungeon (1/1)

Altars:


Innate Abilities, Weirdness & Mutations

You are very small and have problems with some larger weapons.
You are too small for most types of armour.
You have supernaturally acute eyesight. (SInv)
You cover ground extremely quickly.


Message History

a bat corpse; a kobold corpse
Things that are here:
a +0 dagger; a goblin corpse
Things that are here:
a +0 club; a goblin corpse
There is an open door to the Dungeon here.
There is a staircase leading out of the dungeon here.
You aren't carrying any items that you can evoke.
You feel much better. The hound misses you.
You hit the hound.
The hound is almost dead.
The hound bites you.
You barely miss the hound.
The hound is almost dead.
The hound closely misses you. The hound bites you.
You barely miss the hound.
The hound is almost dead.
The hound bites you.
Ouch! That really hurt!
You die...

▓.▓
▓S▓
▓B▓
▓)▓
▓J▓
▓.▓
▓S▓
▓h▓
▓@▓
▓▓▓


You could see a hound, a jelly, 2 adders and a giant cockroach.

Vanquished Creatures
  3 goblins (D)
  A kobold (D)
  A bat (D)
5 creatures vanquished.

Notes
Turn   | Place    | Note
-------+----------+-------------------------------------------
     0 | D        | ANON1729 the Spriggan Brigand began the quest for the Orb.
     0 | D        | Reached XP level 1. HP: 10/10 MP: 2/2
     5 | D        | Reached skill level 6 in Stealth
    16 | D        | Noticed a jelly
    16 | D        | Noticed a hound
    35 | D        | Slain by a hound

Illustrated notes

Levels and vault maps discovered:
D:        linesprint [early_d, line_temple, items_1, d_10, items_2, lair_1,
          lair_end, items_3, orc_1, orc_end, items_4, d_15, swamp_1, shoals_1,
          snake_1, spider_1, d_20, vaults_1, items_5, swamp_end, shoals_end,
          snake_end, spider_end, vaults_end, d_27, items_6, zot_1, zot_end,
          crypt_end, forest_end, elf_end, slime_end, tomb_end, abyss_end,
          pan_hell_end]

Skill      XL: |  1 |
---------------+----+-----
Dodging        | 2 |  2.8
Stealth        | 6 |  6.3
Fighting       | 2 |  2.0
Short Blades   | |  2.8
Throwing       | |  2.5

Action                   || total
-------------------------++-------
Melee: Dagger            ||    15
  Use: Potion            ||     1
 Stab: Sleeping          ||     3
Armor: Robe              ||     1
Dodge: Dodged            ||     9

Table legend: (Time is in decaauts)
 A = Elapsed time spent in this place.
 B = Non-inter-level travel time spent in this place.
 C = Inter-level travel time spent in this place.
 D = Time resting spent in this place.
 E = Time spent auto-exploring this place.
 F = Levels seen in this place.
 G = Mean time per level.
                   A        B        C        D        E       F      G
               +--------+--------+--------+--------+--------+-----+--------+
         Total |     25 |     25 |      0 |      0 |      3 |   1 |   25.0 |
       Dungeon |     25 |     25 |      0 |      0 |      3 |   1 |   25.0 |
               +--------+--------+--------+--------+--------+-----+--------+

Top non-repeatable levels by time:
       D: 25 daAuts
